 Dungeon Crawl Stone Soup version 0.28.0 (webtiles) character file.

Game seed: 9681830201794564678

74081 RighteousDevil the Bludgeoner (level 15, -1/90 HPs)
             Began as a Gargoyle Monk on Feb 11, 2022.
             Was the Champion of Nemelex Xobeh.
             Slain by an azure jelly (41 damage)
             ... on level 5 of the Lair of Beasts on Feb 12, 2022.
             The game lasted 00:55:23 (18989 turns).

RighteousDevil the Bludgeoner (Gargoyle Monk)      Turns: 18989, Time: 00:55:27

Health: -1/90      AC: 37    Str: 18    XL:     15   Next: 45%
Magic:  30/30      EV:  8    Int: 13    God:    Nemelex Xobeh [******]
Gold:   287        SH:  0    Dex: 14    Spells: 14/14 levels left

rFire   + . .      SeeInvis +   b - +11 plutonium sword {Contam Stlth-}
rCold   . . .      Faith    .   (shield currently unavailable)
rNeg    + . .      Spirit   .   D - +8 chain mail "Fuigg" {rPois}
rPois   ∞          Reflect  .   f - +2 helmet {SInv}
rElec   +          Harm     .   n - +0 cloak {rF+}
rCorr   .          Rampage  .   v - +0 pair of gloves
Will    ++...                   y - +0 pair of boots
Stlth   ..........              H - amulet of regeneration
HPRegen 1.05/turn               r - ring of magical power
MPRegen 0.22/turn               I - ring of willpower

@: flying, studying Earth Magic
A: sickness immunity, AC +11, big wings, negative energy resistance 1,
electricity resistance, torment resistance 1, petrification resistance
a: Renounce Religion, Draw Escape, Draw Destruction, Draw Summoning, Triple
Draw, Deal Four, Stack Five


You were on level 5 of the Lair of Beasts.
You worshipped Nemelex Xobeh.
Nemelex Xobeh was exalted by your worship.
You visited 4 branches of the dungeon, and saw 19 of its levels.
You also visited: Sewer and Volcano.

You collected 2308 gold pieces.
You spent 2021 gold pieces at shops.

Inventory:

Hand Weapons
 a - the +9 flail of the Fray {venom, rElec Str+3 Int+4}
   (You bought it in a shop on level 10 of the Dungeon)

   It poisons the flesh of those it strikes.
   Str:       It affects your strength (+3).
   Int:       It affects your intelligence (+4).
   rElec:     It insulates you from electricity.
 b - the +11 plutonium sword (weapon) {Contam Stlth-}
   (You bought it in a shop on level 11 of the Dungeon)

   It occasionally inflicts wild transmutation effects on those it strikes,
   inflicting malmutation or extra damage, or polymorphing them into a new form.
   Contam:    It causes magical contamination when unequipped.
   Stlth:     It makes you less stealthy.
 m - a +2 fustibalus of flaming
Missiles
 F - 2 throwing nets
Armour
 f - a +2 helmet of see invisible (worn)
 n - a +0 cloak of fire resistance (worn)
 o - a +3 scale mail of fire resistance
 v - a +0 pair of gloves (worn)
 y - a +0 pair of boots (worn)
 D - the +8 chain mail "Fuigg" (worn) {rPois}
   (You found it on level 7 of the Dungeon)

   rPois:     It protects you from poison.
Magical Staves
 K - a staff of earth
Jewellery
 l - an amulet of reflection
 r - a ring of magical power (left hand)
 t - an amulet of magic regeneration
 H - an amulet of regeneration (around neck)
 I - a ring of willpower (right hand)
 N - a ring of fire
Wands
 c - a wand of digging (15)
 s - a wand of paralysis (5)
 u - a wand of polymorph (7)
 A - a wand of flame (48) (quivered)
 B - a wand of mindburst (15)
 C - a wand of acid (9)
Scrolls
 g - 2 scrolls of summoning
 j - 5 scrolls of teleportation
 k - 4 scrolls of fog
 L - 3 scrolls of identify
 M - a scroll of blinking
Potions
 d - 2 potions of cancellation
 e - 4 potions of brilliance
 h - 2 potions of flight
 p - 2 potions of lignification
 q - 2 potions of magic
 w - 3 potions of curing
 x - 7 potions of ambrosia
 z - 3 potions of mutation
 E - 2 potions of attraction
 G - a potion of berserk rage
 J - 3 potions of might
 O - a potion of heal wounds
 P - 2 potions of haste
 Q - a potion of resistance
Miscellaneous
 i - a phantom mirror


   Skills:
 - Level 9.0 Fighting
 + Level 14.3 Long Blades
 - Level 16.0 Maces & Flails
 - Level 8.0 Armour
 - Level 2.4 Dodging
 - Level 2.1 Stealth
 - Level 13.4 Earth Magic
 - Level 9.0 Invocations


You had 14 spell levels left.
You didn't know any spells.
Your spell library contained the following spells:

 Spells                   Type           Power      Damage    Failure   Level
 Slow                     Hex            0%         N/A       96%         1
 Static Discharge         Conj/Air       0%         N/A       99%         2
 Confusing Touch          Hex            0%         N/A       100%        3
 Vampiric Draining        Necr           0%         2d6       100%        3
 Summon Ice Beast         Ice/Summ       0%         N/A       100%        4
 Lightning Bolt           Conj/Air       0%         1d11      100%        5
 Summon Mana Viper        Hex/Summ       0%         N/A       100%        5
 Eringya's Noxious Bog    Tmut/Pois      0%         N/A       100%        6
 Simulacrum               Ice/Necr       0%         N/A       100%        6
 Monstrous Menagerie      Summ           0%         N/A       100%        7
 Maxwell's Capacitive Co  Air            0%         ∞         100%        8


Dungeon Overview and Level Annotations

Branches:
Dungeon (11/15)            Temple (1/1) D:7            Lair (5/6) D:10
 Shoals (0/4) Lair:3        Snake (0/4) Lair:2          Orc (2/2) D:9
    Elf (0/3) Orc:2         Sewer (visited)         Volcano (visited)
  Slime: Lair:5-6

Altars:
Ashenzari
Cheibriados
Dithmenos
Elyvilon
Fedhas
Gozag
Hepliaklqana
Kikubaaqudgha
Makhleb
Nemelex Xobeh
Okawaru
Qazlal
Ru
Sif Muna
Trog
Uskayaw
Vehumet
Wu Jian
Xom
Yredelemnul
Zin
The Shining One
Beogh
Jiyva

Shops:
D:10 (   D:11 *

Annotations:
D:5 2 transporters
D:10 4 transporters
D:11 3 runed translucent doors, Piexesis's ghost, journeyman BaMo
Lair:5 1 runed translucent door
Orc:2 Saint Roka
Abyss:1 Snorg


Innate Abilities, Weirdness & Mutations

You are immune to sickness and miasma.
Your stone body is resilient. (AC +11)
You are immune to poison.
Your large and strong wings let you fly.
You resist negative energy. (rN+)
You are resistant to electric shocks. (rElec)
You are resistant to unholy torment.
You are immune to petrification.


Message History

The slime creature hits you but does no damage.
You chop the slime creature into pieces!!!
You kill the slime creature!
The jelly hits you but does no damage.
You slash the jelly!
Your hands burn!
The jelly is almost dead.
The jelly hits you.
You are splashed with acid!
The jelly barely misses you. The jelly hits you but does no damage.
You slash the jelly!
You kill the jelly!
A jelly comes into view.
The jelly closely misses you.
You barely miss the slime creature. The jelly hits you but does no damage.
The slime creature hits you but does no damage.
You slash the slime creature!
The slime creature is moderately wounded.
The slime creature barely misses you.
You slash the slime creature!
The slime creature is heavily wounded.
The azure jelly hits you but does no damage. x2
The azure jelly hits you. The azure jelly closely misses you.
The slime creature hits you but does no damage.
You cut the slime creature into ribbons!!!
The slime creature is almost dead.
The azure jelly hits you but does no damage. x4
The slime creature hits you but does no damage.
You slash the slime creature!
You kill the slime creature!
The azure jelly hits you but does no damage. x4
The jelly completely misses you. The azure jelly hits you.
The azure jelly freezes you!!
The azure jelly hits you but does no damage. x3
The jelly barely misses you.
You slice the azure jelly!!
The azure jelly is moderately wounded.
The jelly hits you but does no damage. The azure jelly hits you.
The azure jelly freezes you! The azure jelly hits you.
The azure jelly freezes you!!!
You die...
Your body glows with a rainbow of weird colours and disappears. ......####### ### #####........ ......# ...# [. ##....... #....## ....########. ###.#<.. ..#..## .........#.. ##..... #.....# ......... #.##...
P.#...# .......# #.#.... #..#.## #.....# ##...... #.###### #JJJ#

##..##.#. .......#########@.#
#####.#.#..##
#(.........#.##...###..##........
#................................
......(..........................
.................................
#................P...............
....##...##÷.....#...#..........#
#...##.#|###..........#......####
#.####..+##P..........#......#...


You could see an azure jelly and 2 jellies.

Vanquished Creatures
  Gastronok (Lair:1)
  A great orb of eyes (Volcano)
  Harold (D:8)
  2 hydras
  An ogre mage (D:11)
  A catoblepas (Lair:5)
  8 death yaks (Lair:4)
  7 two-headed ogres
  An orc high priest (Orc:2)
  Pikel (D:7)
  2 orc sorcerers
  A manticore (Lair:4)
  3 salamanders (Volcano)
  Maurice (Orc:1)
  10 elephants
  2 cyclopes
  Joseph (D:10)
  2 black mambas
  A torpor snail (Lair:2)
  11 cane toads
  Maggie (D:8)
  An unseen horror (D:11)
  5 rime drakes
  A yaktaur (Orc:1)
  12 komodo dragons
  5 polar bears
  A meliai (Lair:4)
  A troll (D:11)
  A queen bee (Lair:2)
  2 hornets
  Prince Ribbit (D:7)
  6 blink frogs
  3 slime creatures (Lair:5)
  50 yaks
  16 wyverns
  11 fire bats
  A golden eye (Lair:4)
  2 steam dragons
  7 basilisks
  Eustachio (D:6)
  A warg (Lair:4)
  12 water moccasins
  16 orc warriors
  2 sky beasts (D:5)
  A black bear (D:4)
  3 ice beasts
  A hornet zombie (D:7)
  A necrophage (D:6)
  7 ogres
  A centaur (D:9)
  3 phantoms
  A lemure (D:7)
  4 kobold brigands (Sewer)
  12 bullfrogs
  A water moccasin zombie (D:5)
  A wyvern zombie (D:6)
  30 killer bees
  4 wights
  2 electric eels
  4 howler monkeys
  A bullfrog zombie (D:7)
  5 centaur zombies
  9 orc priests
  5 hounds
  2 jellies
  10 iguanas
  A scorpion zombie (D:5)
  Jessica (D:2)
  19 hell rats
  Ijyb (D:5)
  23 orc wizards
  6 ogre zombies (D:9)
  A howler monkey zombie (D:8)
  15 adders
  A howler monkey simulacrum (D:8)
  3 ufetubi
  5 worms
  4 dart slugs
  60 orcs
  7 bats
  9 endoplasms
  4 giant cockroaches
  12 goblins
  12 hobgoblins
  5 jackals
  11 kobolds
  3 quokkas (D:1)
  14 ball pythons
  2 frilled lizards (D:1)
  A goblin zombie (D:9)
  4 hobgoblin zombies (D:9)
  2 orc skeletons (D:9)
  12 orc zombies (D:9)
  10 rats
573 creatures vanquished.

Vanquished Creatures (collateral kills)
  2 two-headed ogres
  2 orc knights (Orc:2)
  An orc sorcerer (Orc:2)
  A cyclops (Orc:1)
  3 elephants (Lair:5)
  A cane toad (Lair:5)
  Psyche (D:8)
  3 komodo dragons
  2 blink frogs (Lair:1)
  2 wargs (Orc:2)
  An orc warrior (Orc:2)
  An ogre (Volcano)
  A centaur (D:8)
  2 phantoms (D:9)
  A bullfrog (Lair:5)
  A jelly (Lair:5)
  4 orc priests (Orc:2)
  2 orc wizards (Orc:1)
  5 orcs
  3 frilled lizards (D:9)
39 creatures vanquished.

Vanquished Creatures (others)
  A steam dragon (Volcano)
  21 fungi
  81 plants
103 creatures vanquished.

Grand Total: 715 creatures vanquished

Notes
Turn   | Place    | Note
-------+----------+-------------------------------------------
     0 | D:1      | RighteousDevil the Gargoyle Monk began the quest for the
                  | Orb.
     0 | D:1      | Reached XP level 1. HP: 14/14 MP: 1/1
   195 | D:1      | Reached XP level 2. HP: 19/19 MP: 2/2
   360 | D:1      | Reached skill level 4 in Maces & Flails
   586 | D:1      | Reached XP level 3. HP: 23/23 MP: 3/3
   601 | D:1      | Found a faded altar of an unknown god.
   614 | D:1      | Prayed at the altar of an unknown god.
   614 | D:1      | Became a worshipper of Gozag Ym Sagoz the Greedy
  1249 | D:2      | Identified the +3 leather armour of Likaamag {Str+4 Int+4}
  1427 | D:2      | Reached XP level 4. HP: 26/28 MP: 4/4
  1745 | D:2      | Noticed Jessica
  1758 | D:2      | Killed Jessica
  1759 | D:2      | Reached skill level 5 in Maces & Flails
  1969 | D:3      | Found a sparkling altar of Nemelex Xobeh.
  1993 | D:3      | Fell from the grace of Gozag
  1993 | D:3      | Became a worshipper of Nemelex Xobeh the Trickster
  2172 | D:3      | Reached XP level 5. HP: 28/32 MP: 1/5
  2179 | D:3      | Reached skill level 1 in Invocations
  2951 | D:4      | Was forgiven by Gozag
  2951 | D:4      | Reached skill level 6 in Maces & Flails
  2951 | D:4      | Reached XP level 6. HP: 30/37 MP: 2/8
  2977 | D:4      | Reached * piety under Nemelex Xobeh
  3129 | D:4      | Found a glowing drain.
  3138 | Sewer    | Entered a sewer
  3375 | Sewer    | Reached XP level 7. HP: 41/41 MP: 3/9
  3425 | Sewer    | Received a gift from Nemelex Xobeh
  3681 | Sewer    | Reached skill level 7 in Maces & Flails
  3848 | D:4      | Reached skill level 5 in Invocations
  4338 | D:5      | Entered Level 5 of the Dungeon
  4391 | D:5      | Reached XP level 8. HP: 29/46 MP: 12/12
  4520 | D:5      | Noticed Ijyb
  4521 | D:5      | Paralysed by Ijyb for 4 turns
  4530 | D:5      | Killed Ijyb
  4531 | D:5      | Reached skill level 8 in Maces & Flails
  4629 | D:5      | Reached ** piety under Nemelex Xobeh
  4834 | D:5      | Found a transporter.
  4933 | D:5      | Found a transporter.
  5198 | D:6      | Noticed Eustachio
  5321 | D:6      | Killed Eustachio
  5412 | D:6      | Reached skill level 9 in Maces & Flails
  5412 | D:6      | Reached XP level 9. HP: 51/51 MP: 14/14
  5443 | D:6      | Noticed Grinder
  5465 | D:6      | Paralysed by Grinder for 4 turns
  5474 | D:6      | Noticed Grinder
  5474 | D:6      | Grinder changed into Grinder the ufetubus
  5476 | D:6      | Killed Grinder the ufetubus
  5714 | D:6      | Received a gift from Nemelex Xobeh
  5924 | D:7      | Noticed a hornet
  5933 | D:7      | Killed a hornet
  5960 | D:7      | Found a staircase to the Ecumenical Temple.
  5967 | Temple   | Entered the Ecumenical Temple
  6259 | D:7      | HP: 2/51 [orc wizard/puff of flame (9)]
  6686 | D:7      | Identified the +8 chain mail "Fuigg" {rPois}
  6724 | D:7      | Reached *** piety under Nemelex Xobeh
  6735 | D:7      | Noticed Pikel
  6741 | D:7      | Killed Pikel
  6742 | D:7      | Reached skill level 10 in Maces & Flails
  6748 | D:7      | Received a gift from Nemelex Xobeh
  6898 | D:7      | Noticed Prince Ribbit
  6909 | D:7      | Killed Prince Ribbit
  6910 | D:7      | Reached skill level 11 in Maces & Flails
  7176 | D:8      | Noticed Psyche
  7192 | D:8      | Killed Psyche
  7193 | D:8      | Reached XP level 10. HP: 56/56 MP: 16/16
  7262 | D:8      | Reached skill level 12 in Maces & Flails
  7465 | D:8      | Found a blossoming altar of Fedhas.
  7622 | D:8      | Noticed Harold
  7636 | D:8      | Killed Harold
  7857 | D:8      | Noticed Maggie
  7872 | D:8      | Killed Maggie
  7873 | D:8      | Reached skill level 13 in Maces & Flails
  7919 | D:8      | Noticed a two-headed ogre
  7929 | D:8      | Killed a two-headed ogre
  8236 | D:8      | Identified a scroll of acquirement
  8236 | D:8      | Acquired a manual of Earth Magic
  8308 | D:9      | Reached skill level 14 in Maces & Flails
  8465 | D:9      | Reached XP level 11. HP: 40/60 MP: 17/17
  8572 | D:9      | Reached **** piety under Nemelex Xobeh
  8761 | D:9      | Found a shimmering altar of Xom.
  8844 | D:9      | Received a gift from Nemelex Xobeh
  9062 | D:9      | Found a staircase to the Orcish Mines.
  9450 | Orc:1    | Entered Level 1 of the Orcish Mines
  9550 | Orc:1    | Reached skill level 15 in Maces & Flails
  9596 | Orc:1    | Noticed Maurice
  9637 | Orc:1    | Killed Maurice
  9730 | Orc:2    | Entered Level 2 of the Orcish Mines
  9730 | Orc:2    | Received a gift from Nemelex Xobeh
  9779 | Orc:2    | Noticed a cyclops
  9790 | Orc:2    | Killed a cyclops
  9877 | Orc:1    | Noticed an orc sorcerer
  9899 | Orc:1    | Killed an orc sorcerer
  9966 | Orc:1    | Noticed a two-headed ogre
  9966 | Orc:1    | Noticed a cyclops
  9974 | Orc:1    | Killed a two-headed ogre
  9978 | Orc:1    | Killed a cyclops
 10191 | Orc:2    | Reached ***** piety under Nemelex Xobeh
 10228 | Orc:2    | Reached skill level 16 in Maces & Flails
 10261 | Orc:2    | Found a staircase to the Elven Halls.
 10265 | Orc:2    | Noticed an orc knight
 10548 | Orc:1    | Reached skill level 1 in Armour
 10794 | Orc:2    | Noticed Saint Roka
 10795 | Orc:2    | Noticed an orc knight
 10797 | Orc:2    | Noticed an orc sorcerer
 10800 | Orc:2    | Killed an orc sorcerer
 10801 | Orc:2    | Noticed an orc high priest
 10802 | Orc:2    | Killed an orc knight
 10803 | Orc:2    | Noticed an orc knight
 10805 | Orc:2    | Killed an orc knight
 10806 | Orc:2    | Reached skill level 5 in Fighting
 10904 | Orc:2    | Noticed a sixfirhy
 10906 | Orc:2    | Noticed a sixfirhy
 10927 | Orc:1    | an orc knight changed into a yaktaur
 11060 | Orc:1    | Reached XP level 12. HP: 68/68 MP: 18/18
 11097 | Orc:2    | Reached XP level 13. HP: 74/74 MP: 19/19
 11102 | Orc:2    | Reached skill level 5 in Armour
 11506 | D:10     | Entered Level 10 of the Dungeon
 11530 | D:10     | Found a faded altar of an unknown god.
 11530 | D:10     | Found a hazy altar of Hepliaklqana.
 11532 | D:10     | Found a faded altar of an unknown god.
 11598 | D:10     | Noticed Snorg
 11625 | D:10     | Received a gift from Nemelex Xobeh
 11639 | D:10     | Banished Snorg
 11789 | D:10     | Noticed Joseph
 11838 | D:10     | Killed Joseph
 11881 | D:10     | Found a transporter.
 11881 | D:10     | Found a transporter.
 11997 | D:10     | Found a transporter.
 11999 | D:10     | Found a transporter.
 12013 | D:10     | Found a staircase to the Lair.
 12040 | D:10     | Acquired a +2 helmet of see invisible
 12168 | D:10     | Found a transporter.
 12169 | D:10     | Found a transporter.
 12266 | D:10     | Found Weyv's Antique Weapon Shoppe.
 12274 | D:10     | Bought a dazzling flail for 221 gold pieces
 12274 | D:10     | Identified the +9 flail of the Fray {venom, rElec Str+3
                  | Int+4} (You bought it in a shop on level 10 of the Dungeon)
 12642 | D:11     | Received a gift from Nemelex Xobeh
 12930 | D:11     | Found a runed translucent gate.
 12930 | D:11     | Found a runed translucent gate.
 12930 | D:11     | Found a runed translucent gate.
 12931 | D:11     | Noticed Piexesis's ghost (journeyman BaMo)
 12996 | D:11     | Found Xocaq's Changing Room.
 13048 | D:11     | Received a gift from Nemelex Xobeh
 13108 | D:11     | Reached skill level 1 in Long Blades
 13451 | Lair:1   | Entered Level 1 of the Lair of Beasts
 13475 | Lair:1   | Noticed Gastronok
 13497 | Lair:1   | Killed Gastronok
 13655 | Lair:1   | Received a gift from Nemelex Xobeh
 13763 | Lair:1   | Reached skill level 5 in Long Blades
 14397 | Lair:2   | Gained mutation: Your large and strong wings let you fly.
                  | [Gargoyle growth]
 14397 | Lair:2   | Reached XP level 14. HP: 82/86 MP: 20/20
 14429 | Lair:2   | Found a broken altar of Ashenzari.
 14439 | Lair:2   | Received a gift from Nemelex Xobeh
 14483 | Lair:2   | Found a dark tunnel.
 14496 | Volcano  | Entered a volcano
 15466 | D:11     | Bought the +11 plutonium sword {Contam Stlth-} for 1800
                  | gold pieces
 15466 | D:11     | Found the +11 plutonium sword {Contam Stlth-}
 15553 | Lair:2   | Found a staircase to the Snake Pit.
 15579 | Lair:2   | Received a gift from Nemelex Xobeh
 15590 | Lair:2   | Reached skill level 10 in Long Blades
 16290 | Lair:3   | Found a staircase to the Shoals.
 16628 | Lair:3   | Got the Incunabulum of Sinister Arts and Intoxication
 16645 | Lair:3   | Received a gift from Nemelex Xobeh
 16841 | Lair:3   | Received a gift from Nemelex Xobeh
 17488 | Lair:4   | Reached XP level 15. HP: 69/90 MP: 21/21
 18549 | Lair:5   | Reached ****** piety under Nemelex Xobeh
 18675 | Lair:5   | Received a gift from Nemelex Xobeh
 18770 | Lair:5   | Found a runed translucent door.
 18773 | Lair:5   | Found a viscous altar of Jiyva.
 18978 | Lair:5   | Noticed an azure jelly
 18989 | Lair:5   | Slain by an azure jelly

Illustrated notes

Levels and vault maps discovered:
D:1:      dpeg_arrival_round_b, layout_basic,
          ebering_ecumenical_altar_petrified, kennysheep_nondescript,
          minmay_misc_feat_alley, st_stairs_1
D:2:      layout_loops_corners, uniq_jessica
D:3:      layout_loops_corners, mainiacjoe_overflow_cross_hatched,
          grunt_ministairs_15, minmay_misc_feat_rows, minmay_fractal_squares_5
D:4:      layout_basic, cheibrodos_sewer_entry_drain, minmay_goblin_outpost
D:5:      gammafunk_cloud_chamber, layout_loops_ring, uniq_ijyb
D:6:      layout_cave_pools, uniq_grinder, uniq_eustachio
D:7:      nicolae_BIG_FREAKIN_CUBE, layout_basic, uniq_prince_ribbit1,
          uniq_pikel
D:8:      layout_loops_corners, mainiacjoe_overflow_small_starburst, serial_ice,
          serial_ice_i, serial_ice_d, serial_ice_m, serial_ice_h, serial_ice_g,
          serial_ice_a, uniq_psyche, uniq_harold, uniq_maggie
D:9:      corexii_shack_village, layout_irregular_city,
          mainiacjoe_overflow_catwalk, zombieorc1_lemuel, minmay_lizard_king
D:10:     nicolae_cairo_tiling_large_dashed, layout_basic,
          nicolae_hepliaklqana_ecumenical_no_more, david_lair_shrubbed,
          serial_shops, nicolae_stop_n_shop_1, serial_nicolae_subway,
          nicolae_sub_station_crystal, nicolae_sub_station_metal,
          nicolae_sub_station_stone, uniq_snorg, uniq_joseph
D:11:     layout_cave_pools, gammafunk_ghost_nasty_kobolds,
          nicolae_transmutations_shop
Temple:   eino_narrow_crystal_temple
Lair:1:   layout_roguey, beast_lair_carwin_9, grunt_megastairs_4, uniq_gastronok
Lair:2:   layout_cave_pods, dummy_snake_entry, nicolae_volcano_entry_batcave,
          basic_altar, grunt_megastairs_3
Lair:3:   layout_roguey [special_room_bee], elwin_shoals_entry_rocks,
          lemuel_fruit_tree
Lair:4:   layout_roguey [special_room_mythical_zoo], infiniplex_staircase_pool
Lair:5:   layout_regular_city, slime_altar_2, nicolae_lair_time_for_slime
Orc:1:    layout_diamond_mine, basic_altar, mines1_david, uniq_maurice
Orc:2:    grunt_orc_cross, layout_caves, basic_altar

Skill      XL: |  1  2  3  4  5  6  7  8  9 10 11 12 13 14 15 |
---------------+----------------------------------------------+-----
Maces & Flails | 4 5 6 7 9 11 14 16 | 16.0
Invocations    | 2 3 5 7 9 |  9.0
Armour         | 4 8 |  8.0
Fighting       | 5 9 |  9.0
Earth Magic    | 13 | 13.4
Long Blades    | 6 12 14 | 14.3
Dodging        | |  2.4
Stealth        | |  2.1

Action                   |  1- 3 |  4- 6 |  7- 9 | 10-12 | 13-15 || total
-------------------------+-------+-------+-------+-------+-------++-------
Melee: Mace              |    93 |   241 |   155 |   555 |   134 ||  1178
       Punch             |     2 |       |     8 |    14 |     6 ||    30
       Morningstar       |       |       |   316 |   158 |       ||   474
       Unarmed           |       |       |     2 |       |       ||     2
       Flail             |       |       |       |       |   485 ||   485
       Triple sword      |       |       |       |       |   492 ||   492
Invok: Draw Destruction  |       |       |     7 |     5 |    11 ||    23
       Draw Summoning    |       |       |     1 |     3 |     7 ||    11
       Draw Escape       |       |       |     1 |     1 |     4 ||     6
       Triple Draw       |       |       |       |     1 |       ||     1
       Deal Four         |       |       |       |       |     1 ||     1
Evoke: Wand              |       |       |     8 |    30 |    13 ||    51
       Phantom mirror    |       |       |       |       |     1 ||     1
  Use: Scroll            |       |     6 |     9 |     4 |     8 ||    27
       Potion            |       |       |     2 |     9 |     2 ||    13
 Stab: Sleeping          |     3 |       |     3 |       |       ||     6
       Paralysed         |       |       |       |     5 |     4 ||     9
       Distracted        |       |       |       |       |     1 ||     1
       Petrified         |       |       |       |       |     1 ||     1
Armor: Robe              |    26 |       |       |       |       ||    26
       Leather armour    |    10 |   137 |   246 |       |       ||   393
       Skin              |       |       |    68 |       |       ||    68
       Chain mail        |       |       |    24 |   467 |  1262 ||  1753
Dodge: Dodged            |    85 |   195 |   397 |   193 |   668 ||  1538
Block: Buckler           |       |       |       |       |    42 ||    42
